 Dungeon Crawl Stone Soup version 0.30-a0-364-gf6b3ef1049 (webtiles) character file.

Game seed: 3148011516888919304

1920 Conn the Firebug (level 9, -7/53 HPs)
             Began as an Octopode Fire Elementalist on Nov 16, 2022.
             Was an Initiate of Sif Muna.
             Mangled by an unseen horror (9 damage)
             ... on level 6 of the Dungeon.
             The game lasted 00:15:39 (6521 turns).

Conn the Firebug (Octopode Fire Elementalist)       Turns: 6521, Time: 00:15:40

Health: -7/53      AC:  1    Str:  7    XL:     9   Next: 17%
Magic:  12/17      EV: 14    Int: 21    God:    Sif Muna [......]
Gold:   309        SH:  0    Dex: 19    Spells: 1/19 levels left

rFire   . . .      SeeInvis .    b - staff of conjuration
rCold   . . .      Faith    .    w - orb {*channel}
rNeg    . . .      Spirit   .    (helmet restricted)
rPois   .          Reflect  .    (no amulet)
rElec   .          Harm     .    i - +6 ring of dexterity
rCorr   .          Rampage  .    (no ring)
Will    .....                    (no ring)
Stlth   ++++......               (no ring)
HPRegen 0.28/turn                (no ring)
MPRegen 0.15/turn                (no ring)
                                 (no ring)
                                 (no ring)

@: no status effects
A: almost no armour, amphibious, 8 rings, camouflage 1, gelatinous body 1,
(nimble swimmer 1), tentacles
a: Renounce Religion


You were on level 6 of the Dungeon.
You worshipped Sif Muna.
Sif Muna was noncommittal.
You visited 2 branches of the dungeon, and saw 7 of its levels.

You collected 309 gold pieces.

Inventory:

Hand Weapons
 a - a +2 dagger of electrocution
 o - a +0 dagger
Missiles
 c - 19 poisoned darts
Armour
 w - an orb of energy (worn)
Magical Staves
 b - a staff of conjuration (weapon)
Jewellery
 i - a +6 ring of dexterity (left tentacle)
Wands
 k - a wand of polymorph (8)
Scrolls
 d - 4 scrolls of identify {unknown}
 h - 6 scrolls of teleportation {unknown}
 l - a scroll of butterflies {unknown}
 p - a scroll of blinking {unknown}
 r - a scroll of fear {unknown}
 s - a scroll of immolation {unknown}
 y - a scroll of poison {unknown}
 z - a scroll of magic mapping {unknown}
Potions
 e - a potion of invisibility {unknown}
 f - 2 potions of magic
 g - 2 potions of attraction {unknown}
 j - a potion of mutation {unknown}
 m - a potion of degeneration {unknown}
 n - a potion of resistance {unknown}
 q - a potion of might {unknown}
 t - a potion of berserk rage {unknown}
 u - 2 potions of curing {unknown}
 v - a potion of haste {unknown}
 x - 2 potions of ambrosia {unknown}


   Skills:
 + Level 1.2 Fighting
 + Level 1.7 Short Blades
 + Level 0.8 Staves
 + Level 2.2 Dodging
 + Level 5.7 Stealth
 + Level 5.8 Spellcasting
 + Level 4.9 Conjurations
 + Level 0.3 Hexes
 * Level 1.6 Translocations
 + Level 6.6 Fire Magic
 * Level 2.1 Air Magic
 * Level 2.4 Poison Magic


You had one spell level left.
You knew the following spells:

 Your Spells              Type           Power      Damage    Failure   Level
a - Foxfire               Conj/Fire      100%       2x1d9     1%          1
b - Kindle Blastsparks    Fire/Tloc/Air  40%        2d13      7%          3
c - Inner Flame           Hex/Fire       20%        N/A       7%          3
d - Flame Wave            Conj/Fire      45%        2d12      9%          4
e - Scorch                Fire           66%        2d8       1%          2
f - Blink                 Tloc           26%        N/A       8%          2
g - Mephitic Cloud        Conj/Pois/Air  29%        N/A       9%          3

Your spell library contained the following spells:

 Spells                   Type           Power      Damage    Failure   Level
 Sandblast                Erth           12%        2d6       10%         1
 Poisonous Vapours        Pois/Air       30%        N/A       6%          2
 Cigotuvi's Dreadful Rot  Necr/Pois/Air  24%        N/A       9%          2
 Sticky Flame             Conj/Fire      45%        2d6       9%          4
 Stone Arrow              Conj/Erth      48%        3d10      11%         3
 Passwall                 Tmut/Erth      5%         N/A       16%         2
 Portal Projectile        Hex/Tloc       20%        N/A       21%         3
 Call Canine Familiar     Summ           6%         N/A       30%         3
 Manifold Assault         Tloc           13%        N/A       45%         4
 Leda's Liquefaction      Hex/Erth       3%         N/A       67%         4
 Storm Form               Tmut/Air       5%         N/A       100%        7


Dungeon Overview and Level Annotations

Branches:
Dungeon (6/15)             Temple (1/1) D:4

Altars:
Cheibriados
Dithmenos
Elyvilon
Gozag
Kikubaaqudgha
Okawaru
Qazlal
Ru
Sif Muna
Wu Jian
Yredelemnul
Zin
The Shining One

Annotations:
D:6 4 runed translucent doors


Innate Abilities, Weirdness & Mutations

You cannot wear most types of armour.
You are amphibious.
You can wear up to eight rings at the same time.
Your skin changes colour to match your surroundings (Stealth+).
Your rubbery body absorbs attacks. (AC +1, EV +1)
((You are camouflaged when in or above water. (Stealth+)))
You have tentacles for arms and can constrict up to eight enemies at once.


Message History

Casting: Scorch (safe; 1% risk of failure)
Confirm with . or Enter, or press ? or * to list all spells.
You don't have enough magic to cast this spell.
Something hits you.
Okay, then.
Unknown command.
Okay, then.
Unknown command.
Unknown command.
Unknown command.
Magic courses through your body. Something hits you. Something hits you!
* * * LOW HITPOINT WARNING * * *
Okay, then.
Okay, then.
Okay, then.
Okay, then.
Unknown command.
Unknown command.
Okay, then.
Okay, then.
Unknown command.
Unknown command.
Unknown command.
Unknown command.
Casting: Scorch (safe; 1% risk of failure)
Confirm with . or Enter, or press ? or * to list all spells.
Okay, then.
Unknown command.
Unknown command.
Casting: Scorch (safe; 1% risk of failure)
Confirm with . or Enter, or press ? or * to list all spells.
Flames lash something.
Something hits you!
* * * LOW HITPOINT WARNING * * *
Casting: Scorch (safe; 1% risk of failure)
Confirm with . or Enter, or press ? or * to list all spells.
Flames lash something.
Something barely misses you.
Casting: Scorch (safe; 1% risk of failure)
Confirm with . or Enter, or press ? or * to list all spells.
Flames lash something.
Something hits you!
You die...

#8.Y..8#...##.
#)....!#...###
#!....)#.....#
#8....8#...#.#
#####8..8##.....#
##...##++##..###.#
#.##........## #.#
#.####.#.########
#.. #...@##.# #.#
######..# #.# ..##
#.# .## #<. ## ##.
#. #. #. #.


There were no monsters in sight!

Vanquished Creatures
  Sigmund (D:6)
  An orc warrior (D:3)
  3 ogres
  2 black bears (D:6)
  2 phantoms
  3 necrophages
  A bullfrog (D:6)
  2 scorpions
  A howler monkey (D:6)
  2 gnoll boudas
  3 hounds
  4 jellies
  An orc priest (D:4)
  An iguana (D:5)
  Ijyb (D:3)
  An orc wizard (D:6)
  12 adders
  5 gnolls (D:5)
  A white imp (D:5)
  14 dart slugs
  13 orcs
  8 ball pythons
  8 bats
  12 endoplasms
  4 giant cockroaches
  3 goblins (D:1)
  8 hobgoblins
  2 jackals (D:4)
  15 kobolds
  2 quokkas
  4 frilled lizards
  A rat (D:2)
141 creatures vanquished.

Vanquished Creatures (others)
  470 foxfires
  A plant (D:3)
471 creatures vanquished.

Grand Total: 612 creatures vanquished

Notes
Turn   | Place    | Note
-------+----------+-------------------------------------------
     0 | D:1      | Conn the Octopode Fire Elementalist began the quest for the
                  | Orb.
     0 | D:1      | Reached XP level 1. HP: 11/11 MP: 3/3
   159 | D:1      | Reached XP level 2. HP: 17/17 MP: 0/5
   544 | D:1      | Reached XP level 3. HP: 21/21 MP: 2/6
  1245 | D:2      | Reached skill level 4 in Fire Magic
  1284 | D:2      | Reached XP level 4. HP: 27/27 MP: 7/7
  2031 | D:3      | Noticed Ijyb
  2038 | D:3      | Killed Ijyb
  2039 | D:3      | Reached skill level 1 in Short Blades
  2039 | D:3      | Reached XP level 5. HP: 12/31 MP: 5/9
  2149 | D:3      | Noticed an orc warrior
  2192 | D:3      | Killed an orc warrior
  2193 | D:3      | Reached XP level 6. HP: 36/36 MP: 0/10
  3046 | D:3      | Learned a level 2 spell: Scorch
  3050 | D:3      | Learned a level 3 spell: Kindle Blastsparks
  3054 | D:3      | Learned a level 3 spell: Inner Flame
  3397 | D:4      | Reached skill level 5 in Stealth
  3621 | D:4      | Found a staircase to the Ecumenical Temple.
  3630 | D:4      | Reached XP level 7. HP: 42/42 MP: 12/12
  3641 | Temple   | Entered the Ecumenical Temple
  3647 | Temple   | Became a worshipper of Sif Muna the Loreminder
  3887 | D:5      | Entered Level 5 of the Dungeon
  4685 | D:5      | Reached skill level 5 in Fire Magic
  4751 | D:5      | Reached XP level 8. HP: 47/47 MP: 3/15
  5671 | D:6      | Reached skill level 5 in Spellcasting
  5762 | D:6      | Reached skill level 1 in Fighting
  5889 | D:6      | Noticed Sigmund
  5892 | D:6      | Killed Sigmund
  5893 | D:6      | Reached skill level 6 in Fire Magic
  5910 | D:6      | Learned a level 4 spell: Flame Wave
  5913 | D:6      | Learned a level 2 spell: Blink
  5917 | D:6      | Learned a level 3 spell: Mephitic Cloud
  6015 | D:6      | Found a large runed translucent door.
  6015 | D:6      | Found a large runed translucent door.
  6018 | D:6      | Noticed a wraith
  6019 | D:6      | Noticed a yak
  6027 | D:6      | Found a large runed translucent door.
  6027 | D:6      | Found a large runed translucent door.
  6042 | D:6      | Reached skill level 1 in Air Magic
  6298 | D:6      | Reached XP level 9. HP: 53/53 MP: 10/17
  6506 | D:6      | Reached skill level 1 in Translocations
  6519 | D:6      | HP: 2/53 [something (9)]
  6521 | D:6      | Mangled by an unseen horror

Illustrated notes

Levels and vault maps discovered:
D:1:      dpeg_arrival_connections, layout_rooms
D:2:      layout_loops_cross
D:3:      layout_loops_ring, serial_bayou_lake_a, uniq_ijyb
D:4:      layout_cave_pools, minmay_temple_entry_proselytizer
D:5:      kennysheep_slugbush, layout_layer_cave, due_unseen_surprise
D:6:      minmay_skewed_foursquare, layout_basic, minmay_hollow_rounded_squares,
          uniq_sigmund
Temple:   nicolae_temple_x_marks_the_god

Skill      XL: |  1  2  3  4  5  6  7  8  9 |
---------------+----------------------------+-----
Stealth        | 3 4 5 |  5.7
Fire Magic     | 4 5 6 |  6.6
Spellcasting   | 3 4 5 |  5.8
Short Blades   | 1 |  1.7
Conjurations   | 2 3 4 |  4.9
Fighting       | 1 |  1.2
Air Magic      | 1 2 |  2.1
Poison Magic   | 2 |  2.4
Translocations | 1 |  1.6
Staves         | |  0.8
Dodging        | |  2.2
Hexes          | |  0.3

Action                   |  1- 3 |  4- 6 |  7- 9 || total
-------------------------+-------+-------+-------++-------
Melee: Unarmed           |     2 |       |       ||     2
       Constrict         |     3 |    10 |     5 ||    18
       Tentacles         |     2 |     7 |     4 ||    13
       Dagger            |    10 |    40 |     4 ||    54
       Staff             |       |       |    15 ||    15
       Punch             |       |       |     1 ||     1
 Cast: Foxfire           |    69 |    97 |   101 ||   267
       Scorch            |       |       |    37 ||    37
       Inner Flame       |       |       |     2 ||     2
       Kindle Blastspark |       |       |     2 ||     2
  Use: Potion            |       |       |     1 ||     1
 Stab: Sleeping          |     3 |     7 |     1 ||    11
Armor: Skin              |     4 |       |       ||     4
Dodge: Dodged            |    10 |    24 |    35 ||    69

Table legend: (Time is in decaauts)
 A = Elapsed time spent in this place.
 B = Non-inter-level travel time spent in this place.
 C = Inter-level travel time spent in this place.
 D = Time resting spent in this place.
 E = Time spent auto-exploring this place.
 F = Levels seen in this place.
 G = Mean time per level.
                   A        B        C        D        E       F      G
               +--------+--------+--------+--------+--------+-----+--------+
         Total |   6518 |   6397 |    121 |    167 |   4702 |   7 |  931.1 |
       Dungeon |   6505 |   6384 |    121 |    167 |   4702 |   6 | 1084.2 |
        Temple |     12 |     12 |      0 |      0 |      0 |   1 |   12.0 |
               +--------+--------+--------+--------+--------+-----+--------+

Top non-repeatable levels by time:
     D:5: 1724 daAuts
     D:3: 1133 daAuts
     D:2: 977 daAuts
     D:1: 946 daAuts
     D:6: 910 daAuts
     D:4: 813 daAuts
  Temple: 12 daAuts
